Map: Orbital Shipyard

Players

MorN

  • Race: Terran Terran
  • League: Master

Shealyn - Winner!

  • Race: Zerg Zerg

VOD

Have the link to the VOD?

Description

Time

  • Played on: Nov. 24, 2015, 12:08 a.m.
  • Length: 10:56
Show
View Real Time Build Order
Export as new Build Order

MorN Terran 

Build Orders: Reaper Expand, MMM Bio 

Get SALT Encoding   

  12  0:00  SCV  
  13  0:13  SCV  
  14  0:17  Supply Depot  
  14  0:25  SCV  
  15  0:39  SCV  
  15  0:40  Barracks  
  16  0:44  Refinery  
  16  0:51  SCV  
  17  1:03  SCV  
  18  1:17  SCV  
  19  1:29  Orbital Command  
  19  1:30  Reaper  
  20  1:41  Command Center  
  20  1:55  Supply Depot  
  20  1:58  SCV  
  21  2:02  Reaper  
  22  2:10  SCV  
  23  2:22  SCV  
  24  2:25  Factory  
  24  2:42  SCV  
  24  2:44  Refinery  
  25  2:48  Barracks Reactor, Barracks  
  25  2:49  Barracks  
  25  2:54  Orbital Command  
  25  2:59  SCV  
  25  3:01  Supply Depot  
  26  3:11  SCV  
  27  3:21  SCV, Starport  
  27  3:23  SCV, Refinery  
  27  3:25  Marine x2  
  31  3:34  SCV  
  31  3:42  Barracks Tech Lab  
  31  3:43  Marine x2  
  31  3:44  Factory Reactor  
  33  3:51  Marine  
  33  3:55  SCV  
  34  4:00  SCV, Engineering Bay  
  34  4:01  Barracks x2  
  35  4:05  Stimpack, Marine x2  
  35  4:08  SCV  
  38  4:13  SCV  
  39  4:21  SCV  
  40  4:25  SCV  
  40  4:28  Medivac x2  
  40  4:30  Marine x3  
  48  4:36  SCV  
  49  4:40  SCV  
  49  4:42  Widow Mine  
  52  4:48  Supply Depot  
  52  4:49  Supply Depot  
  52  4:50  Barracks Reactor x2  
  52  4:53  Barracks Tech Lab  
  52  4:56  SCV x2  
  54  5:09  Supply Depot  
  54  5:10  Supply Depot, SCV, Marine x2  
  54  5:13  Marine, Widow Mine  
  60  5:18  Marine  
  60  5:19  Medivac  
  60  5:20  SCV  
  64  5:25  Combat Shields  
  64  5:26  Marine x2  
  66  5:32  Marine x2  
  66  5:34  Marine  
  69  5:40  Marine x3  
  69  5:41  Widow Mine  
  69  5:42  SCV  
  73  5:44  Marine  
  73  5:47  Medivac  
  78  5:57  SCV x2  
  78  6:00  Marine x5  
  78  6:01  Marauder  
  85  6:08  Marine x2  
  85  6:15  Terran Infantry Weapons Level 1  
  85  6:16  Supply Depot  
  85  6:17  Marine  
  86  6:21  Supply Depot  
  86  6:34  Supply Depot  
  86  6:37  Marine x4, Widow Mine  
  92  6:40  SCV  
  92  6:44  Marine x2  
  92  6:45  Marine x2  
  92  6:46  Medivac x2  
  86  6:56  Marine x2  
  86  6:57  Marine  
  84  7:02  Supply Depot  
  84  7:03  Supply Depot  
  84  7:05  Widow Mine  
  86  7:09  SCV  
  86  7:11  Marine x5  
  86  7:15  Marine x2  
  92  7:16  Medivac x2  
  92  7:19  Command Center  
  98  7:24  Concussive Shells, Marine  
  98  7:29  Marine  
  104  7:30  Marauder x2  
  104  7:34  Widow Mine  
  95  7:44  Marine x2  
  95  7:45  Marine x2  
  95  7:46  Marine, Medivac x2  
  95  7:47  Marine  
  95  7:50  Marine  
  95  7:51  Marine  
  107  8:02  Widow Mine, Marine x4  
  107  8:03  Marine  
  107  8:04  Marine  
  115  8:08  Marine  
  115  8:09  Marauder  
  118  8:16  Medivac  
  117  8:20  Marine x4  
  117  8:21  Marine  
  117  8:22  Marine  
  117  8:26  Marine  
  118  8:30  Marine  
  118  8:31  Widow Mine  
  113  8:38  Marine x4  
  113  8:39  Marine  
  113  8:40  Marine  
  116  8:44  Marine  
  116  8:47  Marine  
  104  8:56  Marine x3  
  104  8:58  Marine x3  
  104  8:59  Widow Mine  
  104  9:02  Marine  
  106  9:06  Marauder  
  103  9:15  Marine x3  
  104  9:20  Armory  
  104  9:21  Engineering Bay  
  103  9:25  Orbital Command  
  103  9:28  Marine  
  103  9:29  Marine x2  
  103  9:30  Marauder  
  105  9:32  Marine  
  105  9:33  Marine  
  107  9:43  Marine x2  
  105  9:46  Marine  
  105  9:47  Marine  
  70  10:00  Marine x3  
  70  10:06  Marine x3  
  77  10:08  Marine  
  77  10:13  Marine  
  76  10:18  Marine x2  
  62  10:24  Marine x3  
  43  10:31  Marine  
  43  10:36  Marine x2  
Show
View Real Time Build Order
Export as new Build Order

Shealyn Zerg - Winner!

Build Orders: Hatch First 

Get SALT Encoding   

  12  0:01  Drone  
  13  0:13  Overlord  
  13  0:17  Drone  
  14  0:31  Drone x2  
  16  0:35  Drone  
  17  0:51  Hatchery  
  17  0:55  Drone  
  17  0:57  Drone  
  17  1:00  Extractor  
  17  1:07  Drone  
  18  1:16  Spawning Pool  
  17  1:19  Drone  
  18  1:29  Drone  
  19  1:39  Drone  
  20  1:56  Overlord  
  20  2:05  Queen x2  
  20  2:06  Zergling x4  
  26  2:08  Metabolic Boost  
  26  2:13  Drone  
  27  2:24  Drone x2  
  28  2:38  Drone x2  
  28  2:39  Drone  
  28  2:42  Queen  
  33  2:50  Drone  
  33  2:51  Hatchery  
  33  2:59  Drone x2  
  33  3:00  Drone  
  36  3:12  Overlord x2  
  36  3:33  Drone x2  
  36  3:34  Hatchery, Drone  
  38  3:42  Drone x4  
  41  3:50  Drone x2  
  41  3:51  Drone x6  
  49  3:56  Extractor  
  49  4:01  Queen  
  50  4:04  Queen  
  50  4:07  Overlord  
  52  4:11  Evolution Chamber  
  52  4:14  Evolution Chamber  
  50  4:25  Overlord  
  50  4:26  Overlord  
  50  4:28  Drone x5  
  50  4:29  Drone x2  
  57  4:37  Baneling Nest, Zerg Ground Armor Level 1  
  56  4:46  Drone  
  56  4:47  Drone x5  
  62  4:55  Zerg Melee Weapons Level 1  
  62  4:58  Drone x5  
  68  5:00  Drone, Extractor  
  68  5:06  Zergling x8  
  68  5:07  Extractor, Zergling x2  
  71  5:14  Zergling x2  
  71  5:15  Zergling x10  
  71  5:16  Zergling x2  
  71  5:20  Lair  
  78  5:28  Drone  
  78  5:30  Spore Crawler  
  78  5:39  Zergling x8  
  78  5:42  Overlord x5  
  79  5:43  Overlord  
  79  5:59  Overlord  
  79  6:06  Zergling x22  
  79  6:07  Zergling x6  
  91  6:13  Spore Crawler  
  91  6:16  Zergling x2  
  91  6:17  Zergling x6  
  94  6:21  Centrifical Hooks  
  95  6:26  Spore Crawler  
  93  6:40  Zergling x2  
  93  6:41  Zergling x26  
  96  6:52  Drone x5  
  96  6:53  Drone x3  
  104  6:59  Drone x5  
  109  7:05  Zerg Ground Armor Level 2, Zerg Melee Weapons Level 2  
  109  7:17  Baneling  
  109  7:18  Baneling x11  
  109  7:20  Zergling x2  
  109  7:21  Zergling x18  
  115  7:35  Zergling x2  
  115  7:36  Zergling x14  
  113  7:42  Zergling x2  
  113  7:43  Zergling x8  
  114  7:56  Pneumatized Carapace  
  114  7:57  Overseer  
  113  7:59  Baneling x2  
  113  8:00  Baneling x4  
  113  8:01  Baneling x2  
  113  8:04  Overseer  
  112  8:06  Zergling x6  
  112  8:07  Zergling x16  
  112  8:08  Hatchery  
  111  8:29  Zergling x12  
  111  8:30  Zergling x24  
  124  8:34  Queen  
  125  8:43  Overlord x2  
  125  8:44  Overlord x2  
  121  9:01  Spore Crawler  
  119  9:03  Zergling x2  
  119  9:04  Spore Crawler, Zergling x18  
  122  9:10  Zergling x2  
  122  9:11  Zergling x12  
  128  9:22  Baneling  
  128  9:23  Baneling x15  
  128  9:29  Zergling x2  
  128  9:30  Zergling x18  
  109  9:53  Zergling x16  
  109  9:54  Zergling x8  
  116  10:03  Zergling x2  
  116  10:04  Zergling x14  
  119  10:21  Zergling x20  
  110  10:22  Zergling x2  
  110  10:25  Baneling x6  
  110  10:26  Baneling x8  
  110  10:30  Zergling x2  
  110  10:31  Zergling x14  
  107  10:47  Infestation Pit  
Tags
 
Add a new tag
Caveats
  • Supply blocks, unpowered buildings, or Contaminate may cause inaccurate times.
  • Supply counts are checked every 10 seconds.